 Dungeon Sprint DCSS version 0.27-a0-681-g0c81a3c1c3 (webtiles) character file.

Game seed: 2291599120175094270

259 mhtbhm the Protected (level 5, -4/78 HPs)
             Began as a Minotaur Fighter on Mar 20, 2021.
             Was a High Priest of Trog.
             Killed by divine providence
             ... invoked by an orc priest
              (15 damage)
             ... in the Dungeon (Sprint VII: "The Pits").
             The game lasted 00:00:52 (403 turns).

mhtbhm the Protected (Minotaur Fighter)              Turns: 403, Time: 00:00:53

Health: -4/78      AC: 11    Str: 21    XL:     5   Next: 94%
Magic:  4/4        EV:  9    Int:  5    God:    Trog [*****.]
Gold:   0          SH: 11    Dex: 10    Spells: 4/4 levels left

rFire    . . .     SeeInvis .   a - +1 hand axe (freeze)
rCold    . . .     Faith    .   c - +0 kite shield
rNeg     . . .     Spirit   .   b - +3 scale mail
rPois    .         Reflect  .   (helmet restricted)
rElec    .         Harm     .   (no cloak)
rCorr    .         Rampage  .   (no gloves)
Will     .....     NoTele   +   (no boots)
Stlth    ..........             (no amulet)
HPRegen  0.23/turn              (no ring)
MPRegen  0.09/turn              (no ring)

@: berserking (expiring), lethally poisoned (-4 -> -6), very quick
A: horns 2, retaliatory headbutt
a: Renounce Religion, Berserk, Trog's Hand, Brothers in Arms


You were in the Dungeon.
You worshipped Trog.
Trog was extremely pleased with you.
You visited 1 branch

Inventory:

Hand Weapons
 a - a +1 hand axe of freezing (weapon)
Armour
 b - a +3 scale mail (worn)
 c - a +0 kite shield (worn)
Scrolls
 j - a scroll of blinking
 l - a scroll of summoning
Potions
 d - a potion of might
 e - 6 potions of curing
 f - 5 potions of heal wounds
 g - a potion of haste
 h - 4 potions of magic
 i - 3 potions of berserk rage
 k - 2 potions of invisibility


   Skills:
 + Level 7.3 Fighting
 + Level 7.1 Axes
 + Level 9.1 Armour
 + Level 2.5 Dodging
 + Level 8.1 Shields


You had 4 spell levels left.
You didn't know any spells.
Your spell library was empty.

Dungeon Overview and Level Annotations

Branches:
Dungeon (1/1)

Altars:
Cheibriados
Dithmenos
Elyvilon
Fedhas
Gozag
Hepliaklqana
Makhleb
Nemelex Xobeh
Okawaru
Qazlal
Ru
Sif Muna
Trog
Vehumet
Wu Jian
Xom
Yredelemnul
Zin
The Shining One
Beogh
Jiyva
Lugonu


Innate Abilities, Weirdness & Mutations

You have a pair of horns on your head.
You reflexively headbutt those who attack you in melee.


Message History

You slash the gnoll! You freeze the gnoll.
You feel sick. You block the gnoll's attack.
The gnoll hits you with a +0 whip of freezing.
The gnoll freezes you.
Your Axes skill increases to level 7!
Your Armour skill increases to level 9!
Your Shields skill increases to level 8!
Unknown command.
You hit the gnoll sergeant. You freeze the gnoll sergeant.
The gnoll sergeant is heavily wounded.
You slash the frilled lizard!
The frilled lizard seems to slow down.
You freeze the frilled lizard.
You feel the power of Trog in you as your rage grows.
You kill the frilled lizard!
Trog accepts your kill.
You barely miss the gnoll.
The gnoll sergeant hits you with a +2 vorpal spear!
* * * LOW HITPOINT WARNING * * *
The gnoll hits you from afar with a +0 spear.
* * * LOW HITPOINT WARNING * * *
You hit the gnoll sergeant but do no damage.
You headbutt the gnoll sergeant.
The gnoll sergeant is severely wounded.
You hit the gnoll. You freeze the gnoll.
You kill the gnoll!
Trog accepts your kill.
You feel sick.
You slash the gnoll sergeant! You freeze the gnoll sergeant.
You kill the gnoll sergeant!
Trog accepts your kill.
You hit the orc. You freeze the orc.
You kill the orc!
Trog accepts your kill.
Trog will now gift you melee weapons as you gain piety.
You miss the frilled lizard.
The gnoll hits you from afar with a +0 halberd.
* * * LOW HITPOINT WARNING * * *
The gnoll barely misses you.
The orc priest calls down the wrath of Beogh upon you.
Beogh smites you!
You die...

#.#.....#))#####'#
#.###)###))##.....
#.#.....#))##.....
#.#..÷..#.[##.....
#.####)##[###...<.
#.#...÷)...##.....
#.#........##.....
#'###########.....
#@)o.o..# ######
#)lg#...# #go.# .#
#.##o# #.. #.. #..
... #.. ..+ ####
##


You could see 2 orc priests, 2 gnolls, 2 orcs and a frilled lizard.

Vanquished Creatures
  A water moccasin (D)
  Blork the orc (D)
  A gnoll sergeant (D)
  A quasit (D)
  2 gnolls (D)
  2 adders (D)
  An adder zombie (D)
  2 orcs (D)
  A goblin (D)
  6 jackals (D)
  A frilled lizard (D)
  A rat (D)
20 creatures vanquished.

Notes
Turn   | Place    | Note
-------+----------+-------------------------------------------
     0 | D        | mhtbhm the Minotaur Fighter began the quest for the Orb.
     0 | D        | Reached XP level 1. HP: 19/19 MP: 0/0
    23 | D        | Reached skill level 4 in Armour
    23 | D        | Reached XP level 2. HP: 18/28 MP: 1/1
    27 | D        | Found a bloodstained altar of Trog.
    27 | D        | Found a shimmering blue altar of Sif Muna.
    27 | D        | Found a viscous altar of Jiyva.
    27 | D        | Found a hazy altar of Hepliaklqana.
    27 | D        | Found an opulent altar of Gozag.
    28 | D        | Found a glowing golden altar of the Shining One.
    28 | D        | Found a glowing silver altar of Zin.
    28 | D        | Found a basalt altar of Yredelemnul.
    28 | D        | Found a shimmering altar of Xom.
    28 | D        | Found an ornate altar of the Wu Jian Council.
    28 | D        | Found a sacrificial altar of Ru.
    28 | D        | Found a stormy altar of Qazlal.
    28 | D        | Found an iron altar of Okawaru.
    28 | D        | Found a sparkling altar of Nemelex Xobeh.
    28 | D        | Found a burning altar of Makhleb.
    28 | D        | Found a blossoming altar of Fedhas.
    28 | D        | Found a white marble altar of Elyvilon.
    28 | D        | Found a shadowy altar of Dithmenos.
    28 | D        | Found a snail-covered altar of Cheibriados.
    30 | D        | Found a radiant altar of Vehumet.
    30 | D        | Found a corrupted altar of Lugonu.
    32 | D        | Became a worshipper of Trog the Wrathful
   132 | D        | Reached skill level 5 in Armour
   137 | D        | Reached * piety under Trog
   140 | D        | Reached skill level 5 in Fighting
   142 | D        | Reached skill level 5 in Shields
   149 | D        | Noticed Blork the orc
   154 | D        | Reached ** piety under Trog
   157 | D        | Reached XP level 3. HP: 20/36 MP: 2/2
   161 | D        | Reached *** piety under Trog
   163 | D        | Killed Blork the orc
   164 | D        | Reached skill level 5 in Axes
   164 | D        | Reached skill level 7 in Armour
   164 | D        | Reached skill level 1 in Dodging
   164 | D        | Reached XP level 4. HP: 22/44 MP: 3/3
   388 | D        | Noticed a water moccasin
   389 | D        | Noticed a gnoll sergeant
   398 | D        | Killed a water moccasin
   398 | D        | Reached **** piety under Trog
   399 | D        | Reached skill level 8 in Armour
   399 | D        | Reached XP level 5. HP: 36/52 MP: 4/4
   401 | D        | Reached skill level 9 in Armour
   403 | D        | Reached ***** piety under Trog
   403 | D        | Killed from afar by an orc priest

Illustrated notes

Levels and vault maps discovered:
D:        pitsprint [storerooms_1, entrance_room_1, metal_vault_7, armoury_2,
          mini_pit_1, grid_room_1, main_hall_1, silver_pit, the_coven_2,
          the_vestibule_1, steel_vault_1, golden_pit, hallway_of_sentries,
          crystal_vault_1, iron_vault_4, final_vault]

Skill      XL: |  1  2  3  4  5 |
---------------+----------------+-----
Fighting       | 4 5 6 7 |  7.3
Armour         | 4 5 7 8 9 |  9.1
Shields        | 4 5 6 7 8 |  8.1
Axes           | 3 5 6 7 |  7.1
Dodging        | 1 2 |  2.5

Action                   |  1- 3 |  4- 6 || total
-------------------------+-------+-------++-------
Melee: War axe           |    10 |       ||    10
       Headbutt          |     3 |     3 ||     6
       Hand axe          |    17 |    12 ||    29
Invok: Berserk           |     1 |     1 ||     2
  Use: Potion            |     1 |       ||     1
Armor: Scale mail        |    17 |    12 ||    29
Dodge: Dodged            |    19 |     5 ||    24
Block: Kite shield       |    18 |    15 ||    33

Table legend: (Time is in decaauts)
 A = Elapsed time spent in this place.
 B = Non-inter-level travel time spent in this place.
 C = Inter-level travel time spent in this place.
 D = Time resting spent in this place.
 E = Time spent auto-exploring this place.
 F = Levels seen in this place.
 G = Mean time per level.
                   A        B        C        D        E       F      G
               +--------+--------+--------+--------+--------+-----+--------+
         Total |    416 |    416 |      0 |     61 |    183 |   1 |  416.0 |
       Dungeon |    416 |    416 |      0 |     61 |    183 |   1 |  416.0 |
               +--------+--------+--------+--------+--------+-----+--------+

Top non-repeatable levels by time:
       D: 416 daAuts
